 Dungeon Crawl Stone Soup version 0.32-a0-665-g3d30ec2550 (webtiles) character file.

Game seed: 12285773173041977094

16838 MirrMurr the Basher (level 12, -2/175 (189) HPs)
             Began as an Oni Berserker on Mar 9, 2024.
             Was an Elder of Trog.
             Slain by a troll skeleton (8 damage)
             ... in a volcano.
             The game lasted 00:17:30 (10099 turns).

MirrMurr the Basher (Oni Berserker)                Turns: 10099, Time: 00:17:30

HP:   -2/175 (189)  AC:  7    Str: 28    XL:     12   Next: 41%
MP:   12/12         EV: 16    Int:  8    God:    Trog [****..]
Gold: 775           SH:  0    Dex:  8    Spells: 11/11 levels left

rFire   . . .        a - +0 giant club
rCold   . . .        (shield currently unavailable)
rNeg    . . .        B - +0 steam dragon scales
rPois   +            (helmet restricted)
rElec   .            t - +0 cloak
rCorr   .            (gloves unavailable)
SInv    .            (boots unavailable)
Will    +....        h - amulet of regeneration Stlth
                     H - ring of poison resistance
HPRegen 1.29/turn    P - +5 ring of evasion
MPRegen 0.13/turn

%: no passive effects
@: berserking (expiring), drained, very quick
A: large, unfitting armour, horns 1, tough skin 1, double potion healing,
drunken brawling
a: Renounce Religion, Berserk, Trog's Hand, Brothers in Arms


You were in a volcano.
You worshipped Trog.
Trog was greatly pleased with you.
You visited 2 branches of the dungeon, and saw 13 of its levels.
You also visited: Volcano.

You collected 775 gold pieces.

Inventory:

Hand Weapons
 a - a +0 giant club (weapon)
 b - a +0 giant spiked club
 I - a +6 flail of holy wrath
Missiles
 l - 22 poisoned darts (quivered)
 r - 6 javelins
 L - 2 curare-tipped darts
 S - 8 boomerangs
 T - 5 large rocks
Armour
 t - a +0 cloak (worn)
 B - +0 steam dragon scales (worn)
Jewellery
 h - an amulet of regeneration (around neck)
 n - a ring of magical power
 v - a ring of flight
 C - a ring of see invisible
 G - a ring of resist corrosion
 H - a ring of poison resistance (left hand)
 P - a +5 ring of evasion (right hand)
Talismans
 K - a granite talisman
Wands
 f - a wand of digging (4)
 x - a wand of iceblast (11)
 A - a wand of flame (8)
 D - a wand of mindburst (11)
Scrolls
 g - a scroll of poison {unknown}
 j - 5 scrolls of teleportation
 p - 2 scrolls of torment
 q - 3 scrolls of vulnerability
 u - 2 scrolls of noise {unknown}
 w - a scroll of brand weapon {unknown}
 y - 2 scrolls of immolation
 J - 2 scrolls of revelation {unknown}
 M - 4 scrolls of fear
 O - a scroll of butterflies {unknown}
 R - a scroll of blinking {unknown}
Potions
 c - 4 potions of ambrosia
 d - 4 potions of enlightenment
 e - 6 potions of curing
 i - a potion of might
 k - 2 potions of attraction
 m - a potion of mutation {unknown}
 o - 2 potions of brilliance {unknown}
 s - 2 potions of haste
 z - 2 potions of cancellation
 E - a potion of invisibility {unknown}
 F - a potion of degeneration {unknown}
 N - a potion of lignification {unknown}


   Skills:
 - Level 10.2 Fighting
 - Level 14.0 Maces & Flails
 - Level 6.5 Throwing
 - Level 7.1 Dodging
 + Level 7.5 Shapeshifting


You had 11 spell levels left.
You didn't know any spells.
Your spell library was empty.

Dungeon Overview and Level Annotations

Branches:
Dungeon (12/15)            Temple (0/1) D:7            Lair (1/5) D:9
    Orc (0/2) D:11        Volcano (1/1)

Altars:
Cheibriados
Gozag
Qazlal
Wu Jian
Xom
Zin

Shops:
D:5 !   D:11 =


Innate Abilities, Weirdness & Mutations

You are too large for most types of armour.
You have a pair of small horns on your head.
You have tough skin. (AC +1)
You gain doubled healing and magic from potions.
Whenever you drink a healing potion, you attack all around you.


Message History

You barely miss the anaconda skeleton.
The anaconda skeleton is lightly damaged.
The anaconda skeleton bites you. The anaconda skeleton constricts you.
* * * LOW HITPOINT WARNING * * *
You bludgeon the anaconda skeleton!!
The anaconda skeleton is heavily damaged.
In the distance, the volcano erupts with a roar.
The anaconda skeleton bites you!
* * * LOW HITPOINT WARNING * * *
The anaconda skeleton constricts you.
* * * LOW HITPOINT WARNING * * *
You barely miss the anaconda skeleton.
The anaconda skeleton is heavily damaged.
The anaconda skeleton bites you.
* * * LOW HITPOINT WARNING * * *
The anaconda skeleton constricts you.
* * * LOW HITPOINT WARNING * * *
You bludgeon the anaconda skeleton!!
The anaconda skeleton is almost destroyed.
The anaconda skeleton bites you!
* * * LOW HITPOINT WARNING * * *
The anaconda skeleton constricts you.
* * * LOW HITPOINT WARNING * * *
You bludgeon the anaconda skeleton!!
You destroy the anaconda skeleton!
Trog accepts your kill. The troll skeleton closely misses you.
The troll skeleton claws you.
* * * LOW HITPOINT WARNING * * *
The troll skeleton claws you.
* * * LOW HITPOINT WARNING * * *
Things that are here:
a +0 flail; a +0 mace You sock the troll skeleton!
You headbutt the troll skeleton!
The troll skeleton is heavily damaged.
You bludgeon the troll skeleton!!
The troll skeleton is almost destroyed.
The troll skeleton bites you.
* * * LOW HITPOINT WARNING * * *
The troll skeleton claws you!
You die...

#### ...## ....###
......### # §.§.....###
.## ≈§≈≈.§....##### ...
§≈§§§§≈.....#.## ..
≈§≈§≈≈≈≈≈≈..§≈.###Z#..#.
§≈≈§§≈≈≈≈≈§.§...@ZZ.....
≈§≈§≈≈≈≈≈..§.≈.###.#..#.
≈≈§§§≈≈§≈§§§#.## ..
≈≈§§≈≈§≈§≈§≈### ...
≈≈≈≈≈≈≈≈≈§≈## #.#
≈≈≈≈≈≈≈≈≈## # ≈≈≈≈≈#
≈≈§##


You could see 2 spriggan skeletons and a troll skeleton.

Vanquished Creatures
  Snorg (D:11)
  A boulder beetle (D:10)
  Erica (D:10)
  4 two-headed ogres
  2 anaconda skeletons (Volcano)
  Pikel (D:7)
  An ugly thing (D:11)
  A manticore (D:9)
  A cyclops (D:11)
  A black mamba (Lair:1)
  2 gargoyles (Volcano)
  3 cane toads (Lair:1)
  Maggie (D:7)
  2 wraiths (D:11)
  A shadow (D:10)
  5 wyverns
  10 yaks
  A steam dragon (D:7)
  A basilisk (D:11)
  5 vampire mosquitoes
  Menkaure (D:6)
  5 water moccasins
  6 orc warriors
  3 black bears
  2 laughing skulls (Volcano)
  2 ice beasts (D:5)
  4 sky beasts
  5 wolves (Lair:1)
  8 centaurs
  3 lemures (D:6)
  A phantom (D:6)
  A weeping skull (Volcano)
  A kobold brigand (D:10)
  3 bullfrogs
  A howler monkey (D:6)
  3 bombardier beetles
  2 hounds
  2 gnoll boudas (D:6)
  5 orc priests
  2 iguanas
  10 orc wizards
  Terence (D:2)
  Robin (D:3)
  9 adders
  13 gnolls
  A shadow imp (D:7)
  A white imp (D:7)
  3 dart slugs
  3 ribbon worms
  44 orcs
  5 ball pythons
  7 endoplasms
  2 giant cockroaches
  18 goblins
  3 hobgoblins
  6 jackals
  4 quokkas
  2 bats
  5 frilled lizards
  11 kobolds
  6 rats
260 creatures vanquished.

Notes
Turn   | Place    | Note
-------+----------+-------------------------------------------
     0 | D:1      | MirrMurr the Oni Berserker began the quest for the Orb.
     0 | D:1      | Reached XP level 1. HP: 24/24 MP: 1/1
   563 | D:1      | Reached XP level 2. HP: 32/32 MP: 2/2
  1481 | D:2      | Reached XP level 3. HP: 24/40 MP: 3/3
  1628 | D:2      | Noticed Terence
  1635 | D:2      | Killed Terence
  1636 | D:2      | Reached skill level 4 in Maces & Flails
  1636 | D:2      | Reached XP level 4. HP: 46/49 MP: 4/4
  2044 | D:3      | Reached skill level 5 in Fighting
  2044 | D:3      | Reached XP level 5. HP: 57/57 MP: 5/5
  2049 | D:3      | Reached ** piety under Trog
  2140 | D:3      | Noticed Robin
  2146 | D:3      | Killed Robin
  2427 | D:3      | Found a faded altar of an unknown god.
  2704 | D:4      | Reached skill level 5 in Maces & Flails
  2777 | D:4      | Reached XP level 6. HP: 66/66 MP: 6/6
  2925 | D:4      | Found a stormy altar of Qazlal.
  3355 | D:4      | Reached *** piety under Trog
  3361 | D:4      | Reached skill level 1 in Throwing
  3853 | D:5      | Entered Level 5 of the Dungeon
  3891 | D:5      | Noticed an ice beast
  3898 | D:5      | Killed an ice beast
  3954 | D:5      | Reached XP level 7. HP: 60/74 MP: 7/7
  3972 | D:5      | Noticed a wyvern
  3979 | D:5      | Killed a wyvern
  3980 | D:5      | Reached skill level 6 in Maces & Flails
  4283 | D:5      | Found Odoefybrag's Distillery.
  4365 | D:6      | Reached XP level 8. HP: 42/84 MP: 8/8
  4616 | D:6      | Reached skill level 7 in Maces & Flails
  4730 | D:6      | Noticed Menkaure
  4734 | D:6      | Killed Menkaure
  4735 | D:6      | Reached skill level 5 in Dodging
  4901 | D:7      | Noticed Pikel
  5032 | D:7      | Killed Pikel
  5033 | D:7      | Reached skill level 8 in Maces & Flails
  5033 | D:7      | Reached XP level 9. HP: 56/96 MP: 9/9
  5188 | D:7      | Found a staircase to the Ecumenical Temple.
  5424 | D:7      | Noticed Maggie
  5426 | D:7      | Found a glowing silver altar of Zin.
  5433 | D:7      | Killed Maggie
  5434 | D:7      | Reached skill level 9 in Maces & Flails
  5434 | D:7      | Reached skill level 5 in Throwing
  5855 | D:8      | Found a shimmering altar of Xom.
  5855 | D:8      | Found a shimmering altar of Xom.
  5856 | D:8      | Found a shimmering altar of Xom.
  5857 | D:8      | Found a shimmering altar of Xom.
  5857 | D:8      | Found a shimmering altar of Xom.
  5858 | D:8      | Found a shimmering altar of Xom.
  5858 | D:8      | Found a shimmering altar of Xom.
  5858 | D:8      | Found a shimmering altar of Xom.
  6375 | D:9      | Found a staircase to the Lair.
  6399 | D:9      | Reached XP level 10. HP: 107/107 MP: 10/10
  6520 | D:9      | Reached skill level 10 in Maces & Flails
  6522 | D:9      | Noticed a manticore
  6534 | D:9      | Killed a manticore
  6814 | D:9      | Reached skill level 10 in Fighting
  6819 | D:9      | Reached **** piety under Trog
  6837 | D:9      | Found an opulent altar of Gozag.
  6971 | D:9      | Noticed a two-headed ogre
  6987 | D:9      | Killed a two-headed ogre
  7473 | D:10     | Entered Level 10 of the Dungeon
  7652 | D:10     | Reached skill level 11 in Maces & Flails
  7674 | D:10     | Identified the -2 pair of gloves "Uweopi" {SInv}
  7695 | D:10     | Found an ornate altar of the Wu Jian Council.
  7704 | D:10     | Found a snail-covered altar of Cheibriados.
  7731 | D:10     | Noticed Erica
  7748 | D:10     | Killed Erica
  7749 | D:10     | Reached XP level 11. HP: 118/118 MP: 11/11
  8084 | D:10     | Reached skill level 12 in Maces & Flails
  8171 | D:11     | Noticed a boulder beetle
  8191 | D:10     | Killed a boulder beetle
  8192 | D:10     | Reached skill level 1 in Shapeshifting
  8341 | D:11     | Noticed Snorg
  8350 | D:11     | Killed Snorg
  8471 | D:11     | Found a staircase to the Orcish Mines.
  8613 | D:11     | Noticed a two-headed ogre
  8626 | D:11     | Killed a two-headed ogre
  8652 | D:11     | Noticed a two-headed ogre
  8864 | D:11     | Killed a two-headed ogre
  8974 | D:11     | Noticed a cyclops
  8978 | D:11     | Killed a cyclops
  9052 | D:11     | Reached skill level 13 in Maces & Flails
  9073 | D:11     | Noticed a brown ugly thing
  9074 | D:11     | Found Arudomoruxo's Jewellery Shoppe.
  9081 | D:11     | Killed a brown ugly thing
  9085 | D:11     | Noticed a two-headed ogre
  9090 | D:11     | Killed a two-headed ogre
  9091 | D:11     | Reached skill level 5 in Shapeshifting
  9402 | Lair:1   | Entered Level 1 of the Lair of Beasts
  9456 | Lair:1   | Reached XP level 12. HP: 65/126 MP: 12/12
  9625 | Lair:1   | Reached ***** piety under Trog
  9632 | Lair:1   | HP: 4/189 [yak (8)]
  9845 | Lair:1   | Found a dark tunnel.
  9856 | Volcano  | Entered a volcano
 10073 | Volcano  | Reached skill level 14 in Maces & Flails
 10097 | Volcano  | HP: 8/175 [troll skeleton (2)]
 10099 | Volcano  | Slain by a troll skeleton

Illustrated notes

Levels and vault maps discovered:
D:1:      roadster_arrival_rocket_small, layout_basic
D:2:      kennysheep_six_static_rooms, layout_basic, uniq_terence
D:3:      minmay_spotlight, layout_loops_ring,
          shapermc_ecumenical_altar_acropolis, uniq_robin
D:4:      layout_layer_cave, amcnicky_altar_gilded
D:5:      layout_rooms, serial_shops, nicolae_shop_waterfront
D:6:      layout_rooms, uniq_menkaure
D:7:      layout_rooms, mainiacjoe_overflow_alcove_4,
          minmay_temple_entry_proselytizer, minmay_misc_feat_secret_circle,
          uniq_maggie, uniq_pikel
D:8:      layout_loops_ring, xom_shifter_show
D:9:      layout_basic, grunt_gozag_statues, david_lair_generic
D:10:     layout_roguey, mainiacjoe_overflow_swirl, uniq_erica
D:11:     layout_long_grid, hiddenorc2_lemuel, serial_shops,
          nicolae_diamond_shop, uniq_snorg
D:12:     wad_pebble_path, layout_rooms, serial_shops, shop
Lair:1:   dreamdust_cave_troll, layout_layer_cave, enter_volcano_2,
          lemuel_old_faithful, grunt_megastairs_1, lemuel_fruit_tree
Volcano:  volcano_tomb [vts_chambers]

Skill      XL: |  1  2  3  4  5  6  7  8  9 10 11 12 |
---------------+-------------------------------------+-----
Dodging        | 3 4 5 6 7 |  7.1
Maces & Flails | 4 5 6 8 9 11 13 14 | 14.0
Fighting       | 5 6 8 9 10 | 10.2
Throwing       | 1 2 4 5 6 |  6.5
Shapeshifting  | 5 7 |  7.5

Action                     |  1- 3 |  4- 6 |  7- 9 | 10-12 || total
---------------------------+-------+-------+-------+-------++-------
  Melee: Mace              |    55 |       |       |       ||    55
         Headbutt          |    10 |    16 |    28 |    81 ||   135
         Flail             |       |   125 |   177 |    93 ||   395
         Giant club        |       |       |       |   313 ||   313
  Throw: Dart              |       |       |       |     1 ||     1
 Invoke: Berserk           |     2 |     4 |     7 |    12 ||    25
         Trog's Hand       |       |       |       |     1 ||     1
    Use: Scroll            |     2 |     3 |     3 |     6 ||    14
 Armour: Animal skin       |    50 |   101 |   128 |       ||   279
         Steam dragon scal |       |       |    35 |   341 ||   376
  Dodge: Dodged            |    27 |    68 |    70 |   256 ||   421

Table legend: (Time is in decaauts)
 A = Elapsed time spent in this place.
 B = Non-inter-level travel time spent in this place.
 C = Inter-level travel time spent in this place.
 D = Time resting spent in this place.
 E = Time spent auto-exploring this place.
 F = Levels seen in this place.
 G = Mean time per level.
                   A        B        C        D        E       F      G
               +--------+--------+--------+--------+--------+-----+--------+
         Total |  10351 |   9796 |    555 |    393 |   7542 |  14 |  739.4 |
       Dungeon |   9707 |   9198 |    509 |    388 |   7256 |  12 |  808.9 |
          Lair |    399 |    353 |     46 |      0 |    130 |   1 |  399.0 |
       Volcano |    243 |    243 |      0 |      5 |    155 |   1 |  243.0 |
               +--------+--------+--------+--------+--------+-----+--------+

Top non-repeatable levels by time:
     D:1: 1312 daAuts
     D:4: 1276 daAuts
     D:9: 1221 daAuts
    D:11: 1190 daAuts
    D:10: 778 daAuts
     D:6: 741 daAuts
     D:2: 726 daAuts
     D:8: 698 daAuts
     D:3: 681 daAuts
     D:7: 615 daAuts
     D:5: 462 daAuts
  Lair:1: 399 daAuts
 Volcano: 243 daAuts
    D:12: 1 daAuts
